 Dungeon Crawl Stone Soup version 0.22.0-16-gc6d26f6 (webtiles) character file.

32 letownia2 the Insei (level 3, -1/27 HPs)
             Began as a Demonspawn Transmuter on Aug 17, 2018.
             Slain by a worm (7 damage)
             ... on level 2 of the Dungeon.
             The game lasted 00:02:57 (536 turns).

letownia2 the Insei (Demonspawn Transmuter)          Turns: 536, Time: 00:02:57

Health: -1/27      AC:  4    Str: 11    XL:     3   Next: 8%
Magic:  4/6        EV: 12    Int: 14    God:
Gold:   28         SH:  0    Dex: 13    Spells: 5/6 levels left

rFire    . . .     SeeInvis .     - Unarmed
rCold    . . .     Gourm    .   (no shield)
rNeg     . . .     Faith    .   i - +0 leather armour
rPois    .         Spirit   .   (no helmet)
rElec    .         Reflect  .   (no cloak)
rCorr    .         Harm     .   (no gloves)
MR       .....                  c - +0 pair of boots
Stlth    +.........             (no amulet)
HPRegen  0.09/turn              g - ring of flight
MPRegen  0.10/turn              (no ring)

@: appendage (expiring), very slightly contaminated
A: horns 2, rot immunity
a: End Transformation, Evoke Flight


You were on level 2 of the Dungeon.
You were not hungry.
You had grown temporary horns.
You visited 1 branch of the dungeon, and saw 3 of its levels.

You collected 28 gold pieces.

Inventory:

Missiles
 a - 31 arrows
Armour
 b - a +0 robe
 c - a +0 pair of boots (worn)
 i - a +0 leather armour (worn)
Jewellery
 g - a ring of flight (left hand)
Scrolls
 f - a scroll of remove curse {unknown}
 h - 2 scrolls of amnesia {unknown}
 k - 2 scrolls of blinking {unknown}
 l - a scroll of identify {unknown}
 m - a scroll of enchant armour {unknown}
Potions
 e - a potion of curing {unknown}
 j - a potion of agility {unknown}
 n - a potion of heal wounds {unknown}
Comestibles
 d - 2 rations


   Skills:
 + Level 2.2 Fighting
 - Level 1.7 Dodging
 + Level 3.3 Unarmed Combat
 - Level 2.0 Spellcasting
 - Level 1.7 Transmutations


You had 5 spell levels left.
You knew the following spells:

 Your Spells              Type           Power        Failure   Level  Hunger
a - Beastly Appendage     Tmut           #.....       16%         1    ##.....

Your spell library contained the following spells:

 Spells                   Type           Power        Failure   Level  Hunger
 Spider Form              Tmut/Pois      #.........   54%         3    ####...
 Blade Hands              Tmut           #.........   99%         5    ######.
 Ice Form                 Ice/Tmut       #.......     91%         4    #####..
 Sticks to Snakes         Tmut           #.......     22%         2    ###....


Dungeon Overview and Level Annotations

Branches:
Dungeon (3/15)

Altars:


Innate Abilities, Weirdness & Mutations

You are immune to rotting.
You have a pair of horns on your head.


Message History

Confirm with . or Enter, or press ? or * to list all spells.
You grow a pair of large bovine horns.
You hit the worm but do no damage. You barely miss the worm.
The worm bites you!
You are too injured to fight recklessly!
You are too injured to fight recklessly!
You are too injured to fight recklessly!
You barely miss the worm. You headbutt the worm.
The worm is lightly wounded.
Your transformation is almost over.
You hit the worm.
The worm is heavily wounded.
The worm bites you!
* * * LOW HITPOINT WARNING * * *
You hit the worm.
The worm is heavily wounded.
You hit the worm.
The worm is almost dead.
The worm bites you!
You die...

...##.....# #.####
##.##.....# #....#
..........# #.#
...##.....# #.#
##.##.....##### #.#
#.##.##......# #.# ##.
#.##.####.# ##.#
...##.##.####.###w#.#
...........##...@###.#
.####.##.#.##.[##.# ##
##.).#.#.##..# #.#
.##...........># ##
.......###...<.#
#####.## ####### ###


You could see a worm.

Vanquished Creatures
  3 dart slugs
  A leopard gecko (D:2)
  An orc (D:2)
  A giant cockroach (D:1)
  4 hobgoblins
  2 jackals (D:1)
  2 kobolds (D:1)
  3 frilled lizards
  2 goblins
  5 rats
24 creatures vanquished.

Notes
Turn   | Place    | Note
-------+----------+-------------------------------------------
     0 | D:1      | letownia2 the Demonspawn Transmuter began the quest for the Orb.
     0 | D:1      | Reached XP level 1. HP: 15/15 MP: 3/3
   142 | D:1      | Reached skill level 3 in Unarmed Combat
   143 | D:1      | Gained mutation: You are immune to rotting. [demonic ancestry]
   143 | D:1      | Reached XP level 2. HP: 2/21 MP: 3/5
   411 | D:2      | Reached XP level 3. HP: 11/27 MP: 4/6
   536 | D:2      | Slain by a worm

Skill      XL: |  1  2 |
---------------+-------+-----
Unarmed Combat | 3 |  3.3
Fighting       | 2 |  2.2
Dodging        | |  1.7
Spellcasting   | |  2.0
Transmutations | |  1.7

Action                   || total
-------------------------++-------
Melee: Unarmed           ||    92
       Headbutt          ||     8
       Punch             ||     1
 Cast: Beastly Appendage ||    17
 Stab: Sleeping          ||     2
Armor: Robe              ||    10
       Leather armour    ||     2
Dodge: Dodged            ||    41
